Map: [ESL] Moondance

Players

Maplez

  • Race: Protoss Protoss
  • Spawn Location: 12:00

FightingFrog - Winner!

  • Race: Protoss Protoss
  • Spawn Location: 6:00

Event: DreamHack SC2 Masters 2022 Valencia

VOD

Have the link to the VOD?

Description

Time

  • Played on: July 1, 2022, 3 p.m.
  • Length: 6:33

All games in this series

Show
View Real Time Build Order
Export as new Build Order

Maplez Protoss 

Build Orders: Blink Stalkers 

Get SALT Encoding   

  12  0:00  Probe (Chrono Boost)  
  13  0:09  Probe (Chrono Boost)  
  14  0:17  Pylon  
  14  0:22  Probe  
  15  0:37  Forge  
  15  0:53  Pylon  
  15  0:54  Pylon  
  15  0:56  Pylon  
  15  1:11  Photon Cannon  
  15  1:14  Gateway  
  14  1:39  Photon Cannon  
  14  1:40  Probe (Chrono Boost)  
  15  1:49  Probe (Chrono Boost)  
  15  1:50  Assimilator  
  16  1:55  Probe  
  17  2:06  Cybernetics Core  
  17  2:07  Probe  
  17  2:19  Probe (Chrono Boost)  
  17  2:20  Assimilator  
  18  2:28  Probe (Chrono Boost)  
  18  2:29  Pylon  
  19  2:36  Probe  
  20  2:45  Zealot  
  20  2:48  Probe  
  23  2:53  Warp Gate  
  23  3:00  Probe  
  24  3:08  Twilight Council  
  24  3:13  Probe  
  25  3:25  Probe  
  26  3:28  Pylon  
  24  3:35  Pylon  
  24  3:37  Probe  
  25  3:46  Pylon, Blink (Chrono Boost)  
  27  4:03  Dark Shrine  
  27  4:07  Gateway  
  27  4:14  Gateway  
  25  4:25  Pylon, Gateway  
  25  4:36  Shield Battery  
  25  4:41  Adept  
  25  4:42  Pylon  
  27  5:18  Dark Templar  
  27  5:19  Dark Templar  
  31  5:25  Dark Templar  
  33  5:33  Pylon  
  33  5:49  Dark Templar  
  33  5:57  Probe  
  34  6:07  Gateway  
  33  6:13  Nexus, Stalker x2  
  33  6:14  Probe  
  33  6:15  Pylon  
Show
View Real Time Build Order
Export as new Build Order

FightingFrog Protoss - Winner!

Build Orders:  

Get SALT Encoding   

  12  0:00  Probe  
  13  0:12  Probe  
  14  0:17  Pylon  
  14  0:24  Probe  
  15  0:36  Gateway  
  15  0:39  Probe  
  16  0:47  Assimilator  
  17  1:02  Forge  
  16  1:08  Probe  
  17  1:20  Probe  
  17  1:21  Zealot (Chrono Boost)  
  20  1:31  Cybernetics Core  
  20  1:45  Photon Cannon  
  20  1:50  Pylon  
  20  1:55  Probe  
  20  2:00  Assimilator  
  21  2:06  Stalker (Chrono Boost)  
  21  2:12  Probe  
  24  2:24  Cybernetics Core  
  24  2:27  Probe  
  25  2:40  Probe  
  26  2:52  Probe  
  27  3:01  Warp Gate  
  27  3:04  Probe  
  29  3:07  Shield Battery  
  29  3:16  Probe  
  29  3:18  Gateway  
  28  3:28  Probe  
  29  3:36  Pylon  
  29  3:39  Pylon  
  29  3:40  Probe  
  30  3:43  Stargate  
  30  3:48  Pylon  
  30  3:54  Probe  
  31  3:56  Robotics Facility  
  31  4:07  Probe  
  31  4:09  Pylon  
  32  4:13  Stalker  
  34  4:29  Oracle  
  37  4:35  Gateway  
  37  4:41  Immortal (Chrono Boost)  
  41  4:57  Probe  
  42  5:10  Adept, Immortal (Chrono Boost)  
  48  5:16  Oracle  
  51  5:25  Pylon  
  51  5:44  Adept  
  51  5:45  Stalker  
  51  5:47  Observer  
  56  6:05  Probe  

Tags
 
Add a new tag
Caveats
  • Supply blocks, unpowered buildings, or Contaminate may cause inaccurate times.
  • Supply counts are checked every 10 seconds.